[Event "Team 45 45 League T100"]
[Site "Internet Chess Club"]
[Date "2024.06.10"]
[Round "4"]
[White "julesraider"]
[Black "Portola"]
[Result "0-1"]
[WhiteElo "1605"]
[BlackElo "1679"]
[Opening "Queen's gambit declined"]
[ECO "D30"]
[Time "17:00:15"]
[PlyCount "98"]
[TimeControl "2700+45"]

1. d4 d5 2. c4 e6 3. cxd5 exd5 4. Nc3 c6 5. Nf3 Nf6 6. Qc2 Bg4 7. Ne5 Bh5 8. Bg5
Be7 9. e3 Nbd7 10. Bd3 Bg6 11. Nxg6 hxg6 12. a3 Nf8 13. h3 Ne6 14. Bxf6 Bxf6 15.
O-O-O Qd6 16. f4 O-O-O 17. g4 Kb8 18. Kb1 Rh4 19. Qg2 Rdh8 20. Qf3 Be7 21. Qg2
Qd8 22. Bc2 Qa5 23. Qf3 Bxa3 24. bxa3 Qxc3 25. Rd3 Qa5 26. Rb3 Nc7 27. Qg3 Ka8
28. Bd3 a6 29. e4 dxe4 30. Bxe4 Nd5 31. Rh2 Qa4 32. Rd3 Qa5 33. Kb2 Qc7 34. Bxd5
cxd5 35. Rc3 Qb6+ 36. Kc2 Qxd4 37. Kb3 Qd1+ 38. Kb2 Qd4 39. Kc2 Qe4+ 40. Kd2 d4
41. Rf3 Rc8 42. Rd3 Rhh8 43. Re2 Rc2+ 44. Kxc2 Qxe2+ 45. Rd2 Rc8+ 46. Kb3 Qxd2
47. Qh4 Qd1+ 48. Kb4 Qb1+ 49. Ka4 Qb5# {White checkmated} 0-1

[Event "Team 45 45 League T100"]
[Site "Internet Chess Club"]
[Date "2024.06.06"]
[Round "4"]
[White "Signofthetimes"]
[Black "ARMAND02019"]
[Result "1-0"]
[WhiteElo "1537"]
[BlackElo "1562"]
[Opening "Sicilian"]
[ECO "B50"]
[Time "21:02:39"]
[PlyCount "119"]
[TimeControl "2700+45"]

1. e4 c5 2. Nf3 d6 3. Bc4 Nc6 4. Nc3 Bg4 5. Bxf7+ Kxf7 6. Ng5+ Ke8 7. Qxg4 Nd4
8. Qd1 e5 9. d3 Nf6 10. O-O Be7 11. Nf3 h6 12. Nxd4 cxd4 13. Ne2 Qd7 14. Ng3 g6
15. c3 dxc3 16. bxc3 Rc8 17. Qb3 b6 18. Bb2 h5 19. a4 h4 20. Ne2 h3 21. Qb5 Rc6
22. g3 Kf7 23. f4 Qb7 24. fxe5 dxe5 25. d4 Kg7 26. Qxe5 Rh5 27. Qf4 Re6 28. Qf3
Rxe4 29. Nf4 Rf5 30. Rae1 Bd6 31. Rxe4 Nxe4 32. Re1 Bxf4 33. gxf4 Nd6 34. Qxb7+
Nxb7 35. Re7+ Rf7 36. Rxf7+ Kxf7 37. Kf2 Ke6 38. Kg3 Kf5 39. Bc1 Nd6 40. Kxh3
Ne4 41. c4 Nf2+ 42. Kg3 Nd3 43. Ba3 Nxf4 44. d5 Nh5+ 45. Kf3 Nf6 46. h3 Nd7 47.
Bd6 g5 48. Ke3 a6 49. Kd4 Nf6 50. c5 bxc5+ 51. Bxc5 Nd7 52. Be7 g4 53. hxg4+
Kxg4 54. Ke4 Nb6 55. d6 Kh5 56. a5 Nd7 57. Kd5 Kg6 58. Kc6 Ne5+ 59. Kc7 Kf7 60.
d7 {Black resigns} 1-0

[Event "Team 45 45 League T100"]
[Site "Internet Chess Club"]
[Date "2024.06.07"]
[Round "4"]
[White "Kingofknights"]
[Black "nosir"]
[Result "1-0"]
[WhiteElo "1503"]
[BlackElo "1422"]
[Opening "King's Indian: Sämisch variation"]
[ECO "E80"]
[Time "15:00:43"]
[PlyCount "83"]
[TimeControl "2700+45"]

1. d4 d6 2. c4 g6 3. Nc3 Nf6 4. e4 Bg7 5. f3 c6 6. Bg5 a6 7. Qd2 b5 8. cxb5 axb5
9. b3 Ba6 10. b4 Nbd7 11. Bd3 Qc7 12. Rc1 Qd8 13. Nge2 O-O 14. O-O Re8 15. Rc2
Rb8 16. Be3 Nb6 17. a4 Nc4 18. Bxc4 bxc4 19. Rb1 Qd7 20. a5 e6 21. Na4 Bf8 22.
Nb6 Qc7 23. Nxc4 Bxc4 24. Rxc4 d5 25. Bf4 Bd6 26. Bxd6 Qxd6 27. e5 Qe7 28. exf6
Qxf6 29. Rxc6 Qf5 30. Qc2 Qg5 31. b5 e5 32. Qd3 e4 33. fxe4 dxe4 34. Qc3 e3 35.
Rc5 Qg4 36. Qd3 Re4 37. b6 Rd8 38. Rc4 h5 39. Rf1 f5 40. b7 Qg5 41. Rc8 Rh4 42.
Qc4+ {Black resigns} 1-0

[Event "Team 45 45 League T100"]
[Site "Internet Chess Club"]
[Date "2024.06.08"]
[Round "4"]
[White "herrahuu"]
[Black "tightfist"]
[Result "0-1"]
[WhiteElo "1346"]
[BlackElo "1526"]
[Opening "French: advance, Euwe variation"]
[ECO "C02"]
[Time "12:07:17"]
[PlyCount "52"]
[TimeControl "2700+45"]

1. e4 e6 2. d4 d5 3. e5 c5 4. c3 Bd7 5. Nf3 Nc6 6. Bd3 Qb6 7. O-O cxd4 8. Re1
dxc3 9. Nxc3 Bb4 10. Nb5 a6 11. Be3 Qa5 12. Nd6+ Bxd6 13. exd6 Nf6 14. a3 h6 15.
b4 Qd8 16. h3 O-O 17. Bf4 Rc8 18. Rc1 Na7 19. Rxc8 Nxc8 20. Qc2 Bc6 21. Ne5 Nxd6
22. Nxc6 bxc6 23. Qxc6 Nfe8 24. Bxa6 Nf5 25. b5 Qa5 26. Ra1 Nd4 {White resigns}
0-1

[Event "Team 45 45 League T100"]
[Site "Internet Chess Club"]
[Date "2024.06.06"]
[Round "4"]
[White "QuieroAprender"]
[Black "elmaestro"]
[Result "1/2-1/2"]
[WhiteElo "1713"]
[BlackElo "1650"]
[Opening "Queen's pawn, Mason variation"]
[ECO "D00"]
[Time "21:10:49"]
[PlyCount "45"]
[TimeControl "2700+45"]

1. d4 d5 2. Bf4 c6 3. e3 Nd7 4. Nf3 Ngf6 5. Bd3 g6 6. Nbd2 Bg7 7. c3 O-O 8. Ne5
Nxe5 9. Bxe5 Ng4 10. Bxg7 Kxg7 11. h3 Nf6 12. Nf3 Nd7 13. h4 Qc7 14. h5 e5 15.
dxe5 Nxe5 16. hxg6 hxg6 17. Nxe5 Qxe5 18. Qf3 Qg5 19. O-O-O Qg4 20. Qxg4 Bxg4
21. f3 Be6 22. g4 Rh8 23. Kc2 {Game drawn by mutual agreement} 1/2-1/2

[Event "Team 45 45 League T100"]
[Site "Internet Chess Club"]
[Date "2024.06.07"]
[Round "4"]
[White "burlap"]
[Black "justice02"]
[Result "0-1"]
[WhiteElo "1477"]
[BlackElo "1538"]
[Opening "Benko's opening"]
[ECO "A00"]
[Time "20:00:11"]
[PlyCount "62"]
[TimeControl "2700+45"]

1. g3 d5 2. Bg2 Nf6 3. Nf3 Nbd7 4. d4 g6 5. O-O Bg7 6. c4 dxc4 7. Na3 O-O 8.
Nxc4 Rb8 9. Re1 Ne4 10. Nfe5 Nd6 11. Nxd6 exd6 12. Nxd7 Bxd7 13. e3 Re8 14. Bd2
c6 15. Qa4 a6 16. Ba5 Qf6 17. Rac1 d5 18. Qd1 h5 19. Bd2 Bf8 20. Qf3 Qh8 21. Qf4
Rbc8 22. e4 dxe4 23. Rxe4 Rxe4 24. Bxe4 Re8 25. Bg2 Bf5 26. Re1 Rxe1+ 27. Bxe1
Bh6 28. Qc7 Qxd4 29. Qxb7 Qd1 30. Kf1 Bd3+ 31. Kg1 Qxe1+ {White resigns} 0-1

[Event "Team 45 45 League T100"]
[Site "Internet Chess Club"]
[Date "2024.06.09"]
[Round "4"]
[White "RD1974"]
[Black "Fulmar"]
[Result "0-1"]
[WhiteElo "1575"]
[BlackElo "1409"]
[Opening "French defense, Steiner variation"]
[ECO "C00"]
[Time "19:03:26"]
[PlyCount "102"]
[TimeControl "2700+45"]

1. e4 e6 2. c4 c5 3. Nc3 d6 4. Nf3 b6 5. d4 Be7 6. Be3 Nf6 7. Be2 O-O 8. e5 Nfd7
9. Qd2 Nc6 10. d5 Ncxe5 11. dxe6 fxe6 12. Nxe5 Nxe5 13. f4 Nc6 14. Bf3 Bb7 15.
Bg4 Rf6 16. O-O-O Nb4 17. a3 Nc6 18. Nb5 Na5 19. Qd3 Bxg2 20. Rhg1 Bb7 21. Nxd6
Bxd6 22. b4 Nc6 23. Bf3 Bxf4 24. Qe4 Bxe3+ 25. Qxe3 Qe7 26. b5 Nd4 27. Bg4 Nf3
28. Rg3 Raf8 29. Rd3 Nd4 30. h4 Bf3 31. Bh3 Ne2+ 32. Kb2 Nxg3 33. Qg5 Qc7 34.
Re3 Qd6 35. Bxe6+ Rxe6 36. Rxe6 Qxe6 37. Qxg3 Qe2+ 38. Kc3 Qe3+ 39. Kb2 Qe2+ 40.
Kc3 Qe3+ 41. Kb2 Qd2+ 42. Ka1 Qc3+ 43. Ka2 Qc2+ 44. Ka1 Qc1+ 45. Ka2 Qc2+ 46.
Ka1 Rd8 47. Qxf3 Rd1+ 48. Qxd1 Qxd1+ 49. Kb2 Qd3 50. a4 Qxc4 51. h5 Qxa4 {White
resigns} 0-1

[Event "Team 45 45 League T100"]
[Site "Internet Chess Club"]
[Date "2024.06.07"]
[Round "4"]
[White "Visin"]
[Black "mongmong"]
[Result "1-0"]
[WhiteElo "1274"]
[BlackElo "1445"]
[Opening "French defense"]
[ECO "C00"]
[Time "10:00:10"]
[PlyCount "68"]
[TimeControl "2700+45"]

1. e4 e6 2. Nc3 d5 3. d3 Bb4 4. Bd2 Nf6 5. e5 Nfd7 6. f4 a6 7. Qg4 O-O 8. Nf3
Be7 9. O-O-O c5 10. Qg3 f6 11. d4 f5 12. h4 Nc6 13. Be3 cxd4 14. Nxd4 Nxd4 15.
Bxd4 Bc5 16. h5 Bxd4 17. Rxd4 h6 18. Qf3 Nc5 19. Qe3 Qe7 20. Be2 b5 21. g4 fxg4
22. Bxg4 Bd7 23. Be2 Rab8 24. Rg1 Kh8 25. a3 Rbd8 26. Qg3 Qf7 27. b4 Nb7 28. Bd3
Qe7 29. Qg6 Rf5 30. Bxf5 exf5 31. Nxd5 Be8 32. Nxe7 Bxg6 33. Rxd8+ Nxd8 34.
Nxg6+ Kg8 {Black resigns} 1-0

[Event "Team 45 45 League T100"]
[Site "Internet Chess Club"]
[Date "2024.06.12"]
[Round "4"]
[White "clarinetref"]
[Black "VictorRed"]
[Result "1-0"]
[WhiteElo "1510"]
[BlackElo "1711"]
[Opening "English opening"]
[ECO "A13"]
[Time "20:07:27"]
[PlyCount "81"]
[TimeControl "2700+45"]

1. c4 e6 2. b3 d5 3. cxd5 exd5 4. e3 c5 5. Bb2 Nc6 6. Bb5 Bd7 7. Nf3 Nf6 8. O-O
Bd6 9. Bxc6 Bxc6 10. d4 Qc7 11. dxc5 Bxc5 12. Bd4 Bd6 13. h3 O-O-O 14. Qc2 Kb8
15. Rc1 Rc8 16. Bc5 Bd7 17. Bxd6 Qxd6 18. Qd2 Rxc1+ 19. Qxc1 Rc8 20. Qd2 Ne4 21.
Qb2 f6 22. Nfd2 g5 23. Nxe4 dxe4 24. Nc3 f5 25. Rd1 Qc6 26. Nd5 Qd6 27. Nc3 Qe6
28. Qd2 Bc6 29. Ne2 Ka8 30. Nd4 Qf6 31. Qa5 Rd8 32. Rc1 Bd7 33. a4 f4 34. Nb5
Bxb5 35. Qxb5 a6 36. Qc4 fxe3 37. fxe3 Rd2 38. Rf1 Qe7 39. Rc1 Rd3 40. b4 Rxe3
41. Qd4 {Black resigns} 1-0

[Event "Team 45 45 League T100"]
[Site "Internet Chess Club"]
[Date "2024.06.11"]
[Round "4"]
[White "vollmerj"]
[Black "DaveTheRook"]
[Result "1/2-1/2"]
[WhiteElo "1517"]
[BlackElo "1413"]
[Opening "Réti: King's Indian attack"]
[ECO "E68"]
[Time "17:37:51"]
[PlyCount "36"]
[TimeControl "2700+45"]

1. Nf3 Nf6 2. g3 g6 3. Bg2 Bg7 4. O-O O-O 5. d4 d6 6. c4 Nbd7 7. Nc3 c6 8. e4 e5
9. d5 c5 10. Re1 a6 11. a3 h6 12. b4 Rb8 13. b5 a5 14. a4 b6 15. Be3 Ng4 16. Qd2
Nxe3 17. Qxe3 Nf6 18. Rac1 Bd7 {Game drawn by mutual agreement} 1/2-1/2

[Event "Team 45 45 League T100"]
[Site "Internet Chess Club"]
[Date "2024.06.10"]
[Round "4"]
[White "garytd"]
[Black "fireball"]
[Result "1/2-1/2"]
[WhiteElo "1502"]
[BlackElo "1498"]
[Opening "French: Tarrasch, open variation"]
[ECO "C07"]
[Time "18:04:22"]
[PlyCount "194"]
[TimeControl "2700+45"]

1. e4 e6 2. d4 d5 3. Nd2 c5 4. Ngf3 Nf6 5. e5 Nfd7 6. c3 cxd4 7. cxd4 Bb4 8. a3
Ba5 9. b4 Bb6 10. Nb3 h6 11. Be3 a6 12. Rc1 Nc6 13. Nc5 Nxc5 14. bxc5 Ba5+ 15.
Bd2 Bd7 16. Bd3 Bxd2+ 17. Qxd2 Qa5 18. Qxa5 Nxa5 19. O-O Ke7 20. Rb1 Rab8 21.
Rb2 Kd8 22. Bxa6 Kc7 23. Bb5 Bxb5 24. Rxb5 Nc4 25. Ra1 Kc6 26. a4 Ra8 27. Kf1
Rxa4 28. Rxa4 Kxb5 29. Ra7 Kc6 30. Ke2 Kc7 31. Nd2 Nxd2 32. Kxd2 Kb8 33. Ra3 Rc8
34. Rg3 g6 35. Rf3 Rc7 36. Rh3 h5 37. f3 Ka7 38. g4 hxg4 39. fxg4 b6 40. Ra3+
Kb7 41. Rb3 Rc6 42. h4 Rc8 43. Rxb6+ Kc7 44. Rb3 Ra8 45. h5 gxh5 46. gxh5 Ra2+
47. Ke1 Rh2 48. Rf3 Kc6 49. Rxf7 Kb5 50. Rf6 Rxh5 51. Ke2 Kc4 52. Ke3 Rh3+ 53.
Rf3 Rh4 54. c6 Re4+ 55. Kf2 Rh4 56. c7 Rh8 57. Rf7 Kxd4 58. Rf3 Kxe5 59. Rc3 Rc8
60. Rc6 d4 61. Ke2 Kd5 62. Rc1 Kd6 63. Kd3 e5 64. Ke4 Rxc7 65. Rf1 Re7 66. Ra1
Rc7 67. Ra6+ Rc6 68. Ra5 Rc5 69. Ra6+ Ke7 70. Ra7+ Kd6 71. Ra6+ Kc7 72. Rh6 Kb7
73. Rd6 Rc6 74. Rd5 Re6 75. Kf5 Re8 76. Ke4 Kb6 77. Rd7 Kc6 78. Rd5 Re6 79. Ra5
Kb6 80. Rd5 Kc6 81. Ra5 Kd7 82. Ra7+ Ke8 83. Rb7 Re7 84. Rb6 Kf7 85. Rd6 Re6 86.
Rd7+ Kg6 87. Rd8 Kg5 88. Rf8 Re7 89. Rd8 Kg4 90. Rf8 Kg3 91. Rd8 Kf2 92. Rd5 Ke2
93. Rd6 d3 94. Rxd3 Rf7 95. Ra3 Rh7 96. Ra2+ Kf1 97. Kxe5 Rh5+ {Game drawn by
mutual agreement} 1/2-1/2

[Event "Team 45 45 League T100"]
[Site "Internet Chess Club"]
[Date "2024.06.08"]
[Round "4"]
[White "seattleblues"]
[Black "Electryon"]
[Result "0-1"]
[WhiteElo "1324"]
[BlackElo "1498"]
[Opening "Old Indian defense"]
[ECO "A54"]
[Time "21:03:58"]
[PlyCount "82"]
[TimeControl "2700+45"]

1. d4 Nf6 2. c4 d6 3. Nf3 Nbd7 4. Nc3 e5 5. dxe5 dxe5 6. Bg5 Be7 7. e3 c6 8. Be2
Qc7 9. O-O O-O 10. Rc1 Nc5 11. Qc2 Bg4 12. h3 Bxf3 13. Bxf3 Rad8 14. Rfd1 Ne6
15. Bh4 g6 16. Bg3 Ng5 17. Be2 h6 18. Kh1 Bd6 19. Rf1 e4 20. Bxd6 Rxd6 21. c5
Re6 22. Bc4 Re5 23. Ne2 Kg7 24. b4 Qc8 25. Nf4 Rd8 26. Qc3 Re7 27. Rcd1 Red7 28.
Bb3 Rxd1 29. Rxd1 h5 30. Rxd8 Qxd8 31. Qe5 Nh7 32. Bc2 Qd2 33. Bxe4 Qxb4 34. f3
Qe1+ 35. Kh2 Qxe3 36. Nd3 Kh6 37. Qe7 Nxe4 38. Qxe4 Qxe4 39. fxe4 Nf6 40. e5 Nd7
41. a4 Kg5 {White resigns} 0-1

[Event "Team 45 45 League T100"]
[Site "Internet Chess Club"]
[Date "2024.06.09"]
[Round "4"]
[White "vollmerj"]
[Black "Kingofknights"]
[Result "0-1"]
[WhiteElo "1518"]
[BlackElo "1520"]
[Opening "Réti: King's Indian attack"]
[ECO "A08"]
[Time "13:17:16"]
[PlyCount "72"]
[TimeControl "2700+45"]

1. Nf3 d5 2. g3 c5 3. Bg2 Nc6 4. d4 Nf6 5. O-O Bf5 6. c3 e6 7. Nbd2 cxd4 8. Nxd4
Nxd4 9. cxd4 Bd6 10. Qa4+ Qd7 11. Qxd7+ Kxd7 12. Re1 Rac8 13. e4 dxe4 14. Nxe4
Nxe4 15. Bxe4 Bxe4 16. Rxe4 Rc2 17. Re1 Rhc8 18. b3 Bb4 19. Rf1 Bc3 20. Rb1 Bxd4
21. Be3 Bxe3 22. fxe3 f6 23. Rfd1+ Ke7 24. Rd4 Rxa2 25. Rbd1 Rc7 26. Rh4 h6 27.
Rg4 g5 28. h4 Rb2 29. hxg5 hxg5 30. Rb4 b6 31. e4 Rbc2 32. Ra1 Rc1+ 33. Rxc1
Rxc1+ 34. Kf2 Kd6 35. Kf3 Kc5 36. Ra4 a5 {White resigns} 0-1

[Event "Team 45 45 League T100"]
[Site "Internet Chess Club"]
[Date "2024.06.08"]
[Round "4"]
[White "jjmolina1"]
[Black "isolani"]
[Result "1/2-1/2"]
[WhiteElo "1510"]
[BlackElo "1453"]
[Opening "Pirc: classical (two knights) system"]
[ECO "B08"]
[Time "09:16:00"]
[PlyCount "46"]
[TimeControl "2700+45"]

1. e4 d6 2. d4 Nf6 3. Nc3 g6 4. Nf3 Bg7 5. Bb5+ c6 6. Be2 O-O 7. O-O Nbd7 8. Bf4
Nh5 9. Be3 e5 10. dxe5 dxe5 11. Qd2 Qc7 12. Bh6 Nc5 13. Bxg7 Kxg7 14. g3 Nf6 15.
Qe3 b6 16. Rad1 Bh3 17. Rfe1 Rad8 18. Rxd8 Rxd8 19. Rd1 Rxd1+ 20. Bxd1 Bg4 21.
Nd2 Bxd1 22. Nxd1 Qd6 23. f3 h6 {Game drawn by mutual agreement} 1/2-1/2

[Event "Team 45 45 League T100"]
[Site "Internet Chess Club"]
[Date "2024.06.09"]
[Round "4"]
[White "rjhoro"]
[Black "Constrictor"]
[Result "0-1"]
[WhiteElo "1206"]
[BlackElo "1436"]
[Opening "Queen's pawn"]
[ECO "A40"]
[Time "16:19:28"]
[PlyCount "90"]
[TimeControl "2700+45"]

1. d4 c6 2. Bf4 d5 3. e3 Nf6 4. Nd2 Bg4 5. Be2 Bxe2 6. Qxe2 e6 7. Ngf3 Bd6 8.
Be5 Qc7 9. c4 Nbd7 10. Bxd6 Qxd6 11. c5 Qc7 12. O-O O-O 13. e4 dxe4 14. Nxe4
Nxe4 15. Qxe4 Nf6 16. Qh4 Rad8 17. Rfe1 Rd5 18. Ne5 Rfd8 19. Rad1 Qe7 20. Re3
Qxc5 21. Red3 Qc2 22. R3d2 Qe4 23. Qxe4 Nxe4 24. Rd3 f6 25. Nf3 e5 26. Re3 Nd6
27. g3 exd4 28. Red3 c5 29. b3 Nb5 30. Nd2 Nc3 31. Ra1 b5 32. a4 bxa4 33. bxa4
Rb8 34. a5 Rb4 35. Ra3 c4 36. Rf3 Nb5 37. Ra1 c3 38. Ne4 c2 39. Nd2 d3 40. Kf1
Nc3 41. Rc1 Ne2 42. Rxd3 Nxc1 43. Rxd5 Na2 44. Rd8+ Kf7 45. Rd7+ Kg6 {White
resigns} 0-1

[Event "Team 45 45 League T100"]
[Site "Internet Chess Club"]
[Date "2024.06.07"]
[Round "4"]
[White "rgadoury"]
[Black "kabubi"]
[Result "1-0"]
[WhiteElo "1134"]
[BlackElo "1145"]
[Opening "Queen's pawn game"]
[ECO "E00"]
[Time "21:00:25"]
[PlyCount "65"]
[TimeControl "2700+45"]

1. d4 Nf6 2. c4 e6 3. a3 b6 4. e3 Bb7 5. Nf3 c5 6. Be2 Qc8 7. O-O Be7 8. Nc3 O-O
9. Re1 d5 10. dxc5 Bxc5 11. b4 Bd6 12. Bb2 Rd8 13. Qb3 a5 14. Nb5 a4 15. Qc2
dxc4 16. Bxf6 gxf6 17. Red1 Qc6 18. Rxd6 Rxd6 19. Nxd6 Qxd6 20. Qxc4 Ba6 21.
Qg4+ Kf8 22. Bxa6 Nxa6 23. g3 Nc7 24. Nd4 Ne8 25. Qh4 Kg7 26. Rd1 Qe5 27. Nf3
Qf5 28. Nd4 Qg5 29. Qe4 Rd8 30. Nxe6+ fxe6 31. Rxd8 Kf7 32. Rd7+ Kg8 33. Qxh7+
{Black resigns} 1-0

[Event "Team 45 45 League T100"]
[Site "Internet Chess Club"]
[Date "2024.06.08"]
[Round "4"]
[White "clarinetref"]
[Black "burlap"]
[Result "1/2-1/2"]
[WhiteElo "1484"]
[BlackElo "1477"]
[Opening "French: exchange variation"]
[ECO "C01"]
[Time "20:00:25"]
[PlyCount "49"]
[TimeControl "2700+45"]

1. e4 e6 2. d4 d5 3. exd5 exd5 4. Bd2 Nf6 5. Be2 Bd6 6. Nc3 O-O 7. Nf3 c6 8. O-O
Re8 9. Bg5 h6 10. Bh4 Bg4 11. Bg3 Bxg3 12. fxg3 Nbd7 13. h3 Bh5 14. g4 Bg6 15.
Bd3 Bxd3 16. Qxd3 Ne4 17. Rfe1 Ndf6 18. Nd2 Nxc3 19. Qxc3 Rxe1+ 20. Rxe1 Qb6 21.
Kh1 Re8 22. Rxe8+ Nxe8 23. Nf3 Nd6 24. Ne5 Nb5 25. Qf3 {Game drawn by mutual
agreement} 1/2-1/2

[Event "Team 45 45 League T100"]
[Site "Internet Chess Club"]
[Date "2024.06.07"]
[Round "4"]
[White "ChessG2011"]
[Black "herrahuu"]
[Result "1-0"]
[WhiteElo "1358"]
[BlackElo "1355"]
[Opening "Caro-Kann: advance variation"]
[ECO "B12"]
[Time "13:00:08"]
[PlyCount "115"]
[TimeControl "2700+45"]

1. e4 c6 2. d4 d5 3. e5 c5 4. c3 Nc6 5. Nf3 cxd4 6. cxd4 Bg4 7. Bb5 e6 8. h3 Bh5
9. g4 Bg6 10. Be3 Bb4+ 11. Nc3 Ne7 12. O-O O-O 13. Bd3 Rc8 14. a3 Ba5 15. Bxg6
hxg6 16. Qb3 Bxc3 17. bxc3 Na5 18. Qb4 Nec6 19. Qb2 b6 20. Qd2 Nc4 21. Qc1 N6a5
22. Nd2 Qh4 23. Kg2 Kh7 24. Nxc4 Nb3 25. Bg5 Nxc1 26. Bxh4 Nb3 27. Rab1 dxc4 28.
Be7 Rfe8 29. Bd6 Nd2 30. Rbc1 Nxf1 31. Kxf1 Kh6 32. Kg2 Kg5 33. Kg3 f5 34. exf6
Kxf6 35. Be5+ Kf7 36. g5 Kg8 37. h4 Red8 38. Rb1 Rd5 39. a4 a6 40. Rxb6 Ra5 41.
Rb4 Rd5 42. Rb6 Ra5 43. Rb4 Kf8 44. Kg4 Ke8 45. Bxg7 Kd7 46. Be5 Kc6 47. h5
gxh5+ 48. Kxh5 Kd5 49. f3 Rf8 50. Kg4 Rf5 51. g6 Rf8 52. g7 Rg8 53. Kg5 Kc6 54.
Kf6 Rd5 55. Kxe6 Rxe5+ 56. Kxe5 Rxg7 57. Rxc4+ Kb6 58. f4 {Black resigns} 1-0

[Event "Team 45 45 League T100"]
[Site "Internet Chess Club"]
[Date "2024.06.08"]
[Round "4"]
[White "Tjet"]
[Black "thundercat1"]
[Result "1-0"]
[WhiteElo "1241"]
[BlackElo "990"]
[Opening "Réti opening"]
[ECO "A04"]
[Time "19:01:21"]
[PlyCount "119"]
[TimeControl "2700+45"]

1. Nf3 e6 2. d4 d5 3. c3 Nf6 4. g3 Be7 5. Bg2 O-O 6. O-O Bd7 7. a4 a5 8. Ne5 Be8
9. b3 Nc6 10. Nxc6 Bxc6 11. Nd2 Ne4 12. Nxe4 dxe4 13. e3 f5 14. Ba3 Bd6 15. c4
Bb4 16. Bxb4 axb4 17. Qd2 Qe7 18. Rac1 Rad8 19. h4 h5 20. Qe2 g6 21. Rfd1 b6 22.
Rd2 Ba8 23. Ra2 c5 24. a5 Qc7 25. axb6 Qxb6 26. dxc5 Qxc5 27. Kh2 Rd3 28. Rb2
Bc6 29. Rd1 Rfd8 30. Rxd3 exd3 31. Qd2 Bxg2 32. Kxg2 Qc6+ 33. f3 Qc5 34. Ra2 Qe7
35. Ra4 g5 36. Rxb4 gxh4 37. c5 hxg3 38. Rd4 h4 39. Rxd3 Rxd3 40. Qxd3 Qxc5 41.
Qd8+ Qf8 42. Qxh4 Qg7 43. Qxg3 e5 44. Qxg7+ Kxg7 45. Kg3 Kf7 46. Kh4 Ke7 47. Kg5
Ke6 48. b4 f4 49. exf4 exf4 50. Kxf4 Kd6 51. Kg5 Kc6 52. f4 Kb5 53. f5 Kxb4 54.
f6 Kc5 55. f7 Kd6 56. f8=Q+ Ke6 57. Qf5+ Kd6 58. Kf6 Kc6 59. Qd3 Kc5 60. Ke6
{Black resigns} 1-0

[Event "Team 45 45 League T100"]
[Site "Internet Chess Club"]
[Date "2024.06.07"]
[Round "4"]
[White "noblitz-oblige"]
[Black "Manch"]
[Result "1-0"]
[WhiteElo "1503"]
[BlackElo "1385"]
[Opening "Giuoco Pianissimo"]
[ECO "C50"]
[Time "09:01:41"]
[PlyCount "135"]
[TimeControl "2700+45"]

1. e4 e5 2. Nf3 Nc6 3. Bc4 Bc5 4. d3 h6 5. a3 Nf6 6. O-O O-O 7. c3 d5 8. exd5
Nxd5 9. h3 a6 10. Re1 Re8 11. d4 Nb6 12. Bxf7+ Kxf7 13. dxc5 Qxd1 14. Rxd1 Nd7
15. Be3 Nf6 16. c4 Be6 17. b3 Ne4 18. Nbd2 Nc3 19. Re1 Bf5 20. Nf1 Ne4 21. N3d2
Nxd2 22. Nxd2 Rad8 23. Rac1 Rd3 24. Rb1 Nd4 25. Rb2 g5 26. Bxd4 exd4 27. Rxe8
Kxe8 28. Nf3 Bxh3 29. Nxd4 Bxg2 30. Ne6 Bc6 31. Nxc7+ Kd7 32. Na8 Rd1+ 33. Kh2
Rh1+ 34. Kg3 Rg1+ 35. Kh2 Rg2+ 36. Kh3 g4+ 37. Kh4 Bf3 38. Nb6+ Kc6 39. Rd2 Rh2+
40. Kg3 Rh3+ 41. Kf4 Kxc5 42. Nd7+ Kc6 43. Ne5+ Kb6 44. Nxf3 gxf3 45. Rd3 Kc5
46. Rxf3 Rh4+ 47. Kg3 Rh5 48. Kg4 Rh1 49. Rh3 Ra1 50. f4 b5 51. Rh5+ Kd4 52. c5
Rxa3 53. f5 Rxb3 54. f6 Rb1 55. Rf5 Rg1+ 56. Kh5 Rh1+ 57. Kg6 Ke4 58. f7 Rg1+
59. Kf6 b4 60. f8=Q b3 61. c6 b2 62. Qb4+ Kd3 63. Qxb2 a5 64. Rd5+ Ke4 65. Qd4+
Kf3 66. Qxg1 a4 67. Rd3+ Ke4 68. Qe3# {Black checkmated} 1-0

[Event "Team 45 45 League T100"]
[Site "Internet Chess Club"]
[Date "2024.06.08"]
[Round "4"]
[White "jfkingiii"]
[Black "sdcohle"]
[Result "1-0"]
[WhiteElo "1433"]
[BlackElo "1389"]
[Opening "French: classical, Steinitz variation"]
[ECO "C14"]
[Time "15:02:17"]
[PlyCount "51"]
[TimeControl "2700+45"]

1. e4 e6 2. d4 d5 3. Nc3 Nf6 4. Bg5 Be7 5. e5 Nfd7 6. Bxe7 Qxe7 7. f4 c5 8. Nb5
O-O 9. Nc7 b6 10. Nxa8 Bb7 11. Nxb6 Nxb6 12. Nf3 Nc6 13. Bd3 h6 14. c3 c4 15.
Bc2 Ba6 16. O-O f6 17. Nh4 Rc8 18. Qh5 f5 19. g4 fxg4 20. Qg6 Kf8 21. Qxg4 Ke8
22. Ng6 Qd7 23. f5 exf5 24. Bxf5 Qc7 25. Bxc8 Bxc8 26. Rf8# {Black checkmated}
1-0

[Event "Team 45 45 League T100"]
[Site "Internet Chess Club"]
[Date "2024.06.07"]
[Round "4"]
[White "Denis240964"]
[Black "Balderdash"]
[Result "1-0"]
[WhiteElo "1308"]
[BlackElo "1159"]
[Opening "Ponziani: Jaenisch counter-attack"]
[ECO "C44"]
[Time "13:30:09"]
[PlyCount "91"]
[TimeControl "2700+45"]

1. e4 e5 2. Nf3 Nc6 3. c3 Nf6 4. d4 exd4 5. e5 Nd5 6. cxd4 Bb4+ 7. Bd2 Qe7 8.
Qb3 Bxd2+ 9. Nbxd2 Ndb4 10. Be2 Qe6 11. d5 Qxd5 12. Bc4 Qc5 13. Bxf7+ Kd8 14.
O-O Na5 15. Qd1 Qe7 16. Bh5 g6 17. Bg4 h5 18. Bh3 g5 19. g4 Nd3 20. Ne4 Nf4 21.
Nfxg5 Nxh3+ 22. Nxh3 Qxe5 23. Re1 Rg8 24. g5 d5 25. Nf6 Rxg5+ 26. Nxg5 Qxg5+ 27.
Kh1 Qxf6 28. Qxd5+ Qd6 29. Qg5+ Kd7 30. Rad1 Kc6 31. Rxd6+ cxd6 32. Qxa5 b6 33.
Rc1+ Kb7 34. Qd5+ Kb8 35. Qxd6+ Kb7 36. Qc6+ Ka6 37. Qxa8 Bb7+ 38. Qxb7+ Kxb7
39. f4 a5 40. f5 b5 41. f6 a4 42. f7 b4 43. f8=Q b3 44. Qb4+ Ka8 45. Rc5 bxa2
46. Ra5# {Black checkmated} 1-0

[Event "Team 45 45 League T100"]
[Site "Internet Chess Club"]
[Date "2024.06.09"]
[Round "4"]
[White "oldbookseller"]
[Black "tamky70"]
[Result "0-1"]
[WhiteElo "946"]
[BlackElo "1307"]
[Opening "Queen's pawn game, Chigorin variation"]
[ECO "D02"]
[Time "08:33:50"]
[PlyCount "46"]
[TimeControl "2700+45"]

1. d4 d5 2. Nf3 Nc6 3. e3 Bg4 4. Nbd2 Nf6 5. Bd3 e5 6. dxe5 Nxe5 7. b3 Bb4 8.
O-O Bc3 9. Rb1 c6 10. Qe1 O-O 11. Nxe5 Bxe5 12. f4 Bc3 13. Qh4 g6 14. Ba3 Re8
15. Nf3 Bxf3 16. Rxf3 Qb6 17. Rg3 Rxe3 18. Qxf6 Bxf6 19. f5 Rxg3+ 20. Kf1 Rxd3
21. fxg6 hxg6 22. cxd3 Qe3 23. Bc1 Qxd3+ {White resigns} 0-1

[Event "Team 45 45 League T100"]
[Site "Internet Chess Club"]
[Date "2024.06.09"]
[Round "4"]
[White "mongmong"]
[Black "CMAlge"]
[Result "1-0"]
[WhiteElo "1460"]
[BlackElo "1404"]
[Opening "King's Indian: 6.Be2"]
[ECO "E91"]
[Time "11:01:40"]
[PlyCount "113"]
[TimeControl "2700+45"]

1. d4 Nf6 2. Nf3 g6 3. c4 Bg7 4. Nc3 O-O 5. e4 d6 6. Be2 Nbd7 7. Be3 Ng4 8. Bg5
f6 9. Bd2 Nh6 10. Qc1 Nf7 11. O-O e5 12. Be3 a6 13. b4 Qe7 14. a4 exd4 15. Nxd4
f5 16. exf5 Nde5 17. Nd5 Qd8 18. Ne6 Bxe6 19. fxe6 Re8 20. exf7+ Nxf7 21. Rb1
Rc8 22. Re1 Qh4 23. g3 Qe4 24. Qd1 Ne5 25. Bf4 Re6 26. Bxe5 Rxe5 27. Qd3 Rce8
28. Qxe4 Rxe4 29. Kf1 Kf7 30. Bf3 Rxc4 31. Rxe8 Kxe8 32. Ne3 Rc3 33. Bxb7 Ra3
34. Bxa6 c6 35. b5 Rxa4 36. b6 Bd4 37. b7 Ba7 38. Bb5 cxb5 39. Rxb5 Bb8 40. Nd5
Ra1+ 41. Ke2 Ra2+ 42. Kf3 Ra3+ 43. Kg2 Rd3 44. Nf6+ Ke7 45. Nxh7 d5 46. Ng5 Kd6
47. h4 Kc6 48. Rb2 d4 49. Nf3 Rd1 50. Ne5+ Kd5 51. Nxg6 d3 52. Kf3 Kc4 53. Ke3
Kc3 54. Ra2 d2 55. Nf4 Re1+ 56. Ne2+ Rxe2+ 57. Kxe2 {Black forfeits on time} 1-0